 Dungeon Crawl Stone Soup version 0.27-a0-124-g19cb506db8 (webtiles) character file.

Game seed: 1013989077902250361

13 kae the Ruffian (level 2, -3/23 HPs)
             Began as a Draconian Transmuter on Jan 26, 2021.
             Slain by an adder (4 damage)
             ... on level 2 of the Dungeon.
             The game lasted 00:00:22 (936 turns).

kae the Ruffian (Draconian Transmuter)               Turns: 936, Time: 00:00:23

Health: -3/23      AC:  8    Str: 12    XL:     2   Next: 24%
Magic:  5/5        EV: 12    Int: 13    God:
Gold:   60         SH:  0    Dex: 11    Spells: 4/5 levels left

rFire    + . .     SeeInvis .     - Unarmed
rCold    + . .     Faith    .   (no shield)
rNeg     . . .     Spirit   .   (armour unavailable)
rPois    +         Reflect  .   (helmet restricted)
rElec    +         Harm     .   g - +0 cloak
rCorr    +         Rampage  .   (no gloves)
Will     .....                  b - +2 pair of boots
Stlth    +.........             (no amulet)
HPRegen  0.07/turn              (no ring)
MPRegen  0.09/turn              (no ring)

@: lethally poisoned (-3 -> -13), resistant, flying
A: unfitting armour, cold-blooded, AC +4
a: no special abilities


You were on level 2 of the Dungeon.
You visited 1 branch of the dungeon, and saw 2 of its levels.

You collected 60 gold pieces.

Inventory:

Armour
 b - a +2 pair of boots (worn)
 g - a +0 cloak (worn)
Scrolls
 a - a scroll of teleportation {unknown}
 d - a scroll of enchant armour {unknown}
 h - a scroll of random uselessness {unknown}
 i - a scroll of immolation {unknown}
Potions
 j - a potion of attraction {unknown}


   Skills:
 + Level 1.3 Fighting
 + Level 1.9 Dodging
 * Level 3.3 Unarmed Combat
 + Level 2.1 Spellcasting
 + Level 2.1 Transmutations


You had 4 spell levels left.
You knew the following spells:

 Your Spells              Type           Power        Failure   Level
a - Beastly Appendage     Tmut           12%          11%         1

Your spell library contained the following spells:

 Spells                   Type           Power        Failure   Level
 Wereblood                Tmut           6%           16%         2
 Spider Form              Tmut/Pois      2%           43%         3
 Ice Form                 Ice/Tmut       4%           85%         4
 Blade Hands              Tmut           3%           96%         5


Dungeon Overview and Level Annotations

Branches:
Dungeon (2/15)

Altars:


Innate Abilities, Weirdness & Mutations

Your plain brown scales are hard. (AC +4)
You cannot fit into any form of body armour.
You are cold-blooded and may be slowed by cold attacks.


Message History

The adder is almost dead.
* * * LOW HITPOINT WARNING * * *
You feel sick. The adder barely misses you.
It was a potion of cancellation.
Your magical effects are unravelling.
You feel magically purged.
Your horns disappear.
Your talons disappear.
Your +2 pair of boots unmelds from your body.
* * * LOW HITPOINT WARNING * * *
You feel sick. The adder barely misses you.
It was a potion of flight.
You feel very buoyant.
You fly up into the air.
* * * LOW HITPOINT WARNING * * *
You feel sick. The adder bites you but does no damage.
It was a potion of resistance.
You feel protected.
* * * LOW HITPOINT WARNING * * *
You feel sick. The adder bites you but does no damage. The adder bites you.
You die...

##....... .......
......... ...)... ###
#....... ....... ..#
#...... ....... #.#
#....## .....#. #.###
#.....#
......$##.#.###.....##.#
.....?..#?#............+
......S@..#..######..#.#
.................... ..+
.....^###.#...##.##.. #
..#.## ####......##..
.<. #<...........# <.
#.#.†.....##. .
#.#.†.....#
#.........##.
#.#..........#


You could see an adder.

Vanquished Creatures
  A giant cockroach (D:1)
  2 goblins
  A hobgoblin (D:1)
  2 frilled lizards
  A kobold (D:1)
  8 rats
15 creatures vanquished.

Notes
Turn   | Place    | Note
-------+----------+-------------------------------------------
     0 | D:1      | kae the Draconian Transmuter began the quest for the Orb.
     0 | D:1      | Reached XP level 1. HP: 16/16 MP: 3/3
   575 | D:1      | Reached XP level 2. HP: 23/23 MP: 3/5
   936 | D:2      | HP: 1/23 [poisoned by an adder]
   936 | D:2      | Slain by an adder

Illustrated notes

Levels and vault maps discovered:
D:1:      scummos_arrival_gate, layout_loops_ring
D:2:      layout_basic, grunt_temple_overflow_growth_and_decay,
          chequers_ecumenical_altar_lobes

Action                   || total
-------------------------++-------
Melee: Unarmed           ||    33
       Kick              ||     6
       Tailslap          ||     5
       Headbutt          ||     1
 Cast: Beastly Appendage ||    10
  Use: Potion            ||     3
Armor: Skin              ||    11
Dodge: Dodged            ||    18

Table legend: (Time is in decaauts)
 A = Elapsed time spent in this place.
 B = Non-inter-level travel time spent in this place.
 C = Inter-level travel time spent in this place.
 D = Time resting spent in this place.
 E = Time spent auto-exploring this place.
 F = Levels seen in this place.
 G = Mean time per level.
                   A        B        C        D        E       F      G
               +--------+--------+--------+--------+--------+-----+--------+
         Total |    933 |    904 |     29 |      7 |    769 |   2 |  466.5 |
       Dungeon |    933 |    904 |     29 |      7 |    769 |   2 |  466.5 |
               +--------+--------+--------+--------+--------+-----+--------+

Top non-repeatable levels by time:
     D:1: 874 daAuts
     D:2: 59 daAuts
